 Dungeon Crawl Stone Soup version 0.28-a0-687-gb91baff (webtiles) character file.

Game seed: 10516960032222393528

10 Geeful the Skirmisher (level 2, 24/24 HPs)
             Began as a Demonspawn Monk on Oct 19, 2021.
             Got out of the dungeon alive.
             The game lasted 00:01:04 (419 turns).

Geeful the Skirmisher (Demonspawn Monk)              Turns: 419, Time: 00:01:05

Health: 24/24      AC:  5    Str: 11    XL:     2   Next: 10%
Magic:  2/2        EV: 11    Int: 11    God:
Gold:   8          SH:  0    Dex: 15    Spells: 1/1 levels left

rFire   . . .      SeeInvis .     - Unarmed
rCold   . . .      Faith    .   (no shield)
rNeg    . . .      Spirit   .   b - +0 ring mail
rPois   .          Reflect  .   (helmet restricted)
rElec   .          Harm     .   (no cloak)
rCorr   .          Rampage  .   (no gloves)
Will    .....                   (no boots)
Stlth   +.........              (no amulet)
HPRegen 0.08/turn               (no ring)
MPRegen 0.08/turn               (no ring)

@: no status effects
A: antennae 1
a: no special abilities


You escaped.
You visited 1 branch of the dungeon, and saw 1 of its levels.

You collected 8 gold pieces.

Inventory:

Armour
 a - a +0 robe
 b - a +0 ring mail (worn)
Scrolls
 c - a scroll of vulnerability {unknown}
Potions
 e - a potion of haste {unknown}


   Skills:
 + Level 3.1 Fighting
 + Level 0.5 Armour
 + Level 2.8 Dodging
 - Level 1.7 Stealth
 + Level 2.8 Unarmed Combat


You had one spell level left.
You didn't know any spells.
Your spell library was empty.

Dungeon Overview and Level Annotations

Branches:
Dungeon (1/15)

Altars:


Innate Abilities, Weirdness & Mutations

You have a pair of small antennae on your head.


Message History

The frilled lizard closely misses you.
You barely miss the giant cockroach. The giant cockroach closely misses you.
The frilled lizard barely misses you. The giant cockroach closely misses you.
You hit the giant cockroach but do no damage.
The giant cockroach bites you but does no damage.
The frilled lizard closely misses you.
You hit the giant cockroach.
You kill the giant cockroach!
The frilled lizard bites you but does no damage.
You have reached level 2!
Your demonic ancestry asserts itself...
A pair of antennae grows on your head!
You closely miss the frilled lizard.
The frilled lizard bites you but does no damage.
You hit the frilled lizard.
You kill the frilled lizard!
You hit the giant cockroach.
The giant cockroach is lightly wounded.
The giant cockroach bites you but does no damage.
You closely miss the giant cockroach.
The giant cockroach bites you but does no damage.
You hit the giant cockroach.
The giant cockroach is severely wounded.
The giant cockroach bites you but does no damage.
You hit the giant cockroach.
You kill the giant cockroach!
No target in view!
No target in view!
Things that are here:
a +0 dagger; a goblin corpse
c - a scroll labelled FUN UJAMNUL
There is an open door here.
You see here a +0 club.
There is a stone staircase leading down here.
You see here a frilled lizard skeleton.
There is a staircase leading out of the dungeon here.
Are you sure you want to leave the Dungeon?
This will make you lose the game!
Alright, then stay!
Are you sure you want to leave the Dungeon?
This will make you lose the game!
You have escaped!

....#.#
.....#..........##.#
......#........#.#.#
#......#......#..#.#
#..#.#.#....#...#.#
..#..#...#..#....#.#
. .##.#...##.....#.#
...#...#...#.....#.#
#.....#.#.#.#..#.#
#.#...@.#...#.....#
....#...#.#.#.#..#.#
...#.#.#...#...#.#.#
..#...#...#.#....#.#
#...#...#...#...#.#
#...# .#.....#..#.#
.... .......#.#.# ..
.......##.#


There were no monsters in sight!

Vanquished Creatures
  3 giant cockroaches (D:1)
  2 goblins (D:1)
  A kobold (D:1)
  A bat (D:1)
  2 frilled lizards (D:1)
9 creatures vanquished.

Notes
Turn   | Place    | Note
-------+----------+-------------------------------------------
     0 | D:1      | Geeful the Demonspawn Monk began the quest for the Orb.
     0 | D:1      | Reached XP level 1. HP: 18/18 MP: 1/1
   235 | D:1      | Gained mutation: You have a pair of small antennae on your
                  | head. [demonic ancestry]
   235 | D:1      | Reached XP level 2. HP: 17/24 MP: 2/2
   419 | D:$      | Got out of the dungeon alive.

Illustrated notes

Levels and vault maps discovered:
D:1:      matt_arrival_diagonals, layout_basic

Action                   || total
-------------------------++-------
Melee: Unarmed           ||    50
  Use: Scroll            ||     2
Armor: Ring mail         ||    26
Dodge: Dodged            ||    31

Table legend: (Time is in decaauts)
 A = Elapsed time spent in this place.
 B = Non-inter-level travel time spent in this place.
 C = Inter-level travel time spent in this place.
 D = Time resting spent in this place.
 E = Time spent auto-exploring this place.
 F = Levels seen in this place.
 G = Mean time per level.
                   A        B        C        D        E       F      G
               +--------+--------+--------+--------+--------+-----+--------+
         Total |    416 |    321 |     95 |      0 |    229 |   1 |  416.0 |
       Dungeon |    416 |    321 |     95 |      0 |    229 |   1 |  416.0 |
               +--------+--------+--------+--------+--------+-----+--------+

Top non-repeatable levels by time:
     D:1: 416 daAuts
